 Dungeon Crawl Stone Soup version 0.31.0-11-ge490571c62 (webtiles) character file.

Game seed: 10099307284345272933

466 Marvel the Cudgeller (level 6, -2/93 HPs)
             Began as a Troll Berserker on Feb 8, 2024.
             Was a Believer of Trog.
             Slain by an ogre
             ... wielding a +0 giant club
              (17 damage)
             ... on level 3 of the Dungeon.
             The game lasted 00:03:03 (2994 turns).

Marvel the Cudgeller (Troll Berserker)              Turns: 2994, Time: 00:03:04

Health: -2/93      AC:  8    Str: 28    XL:     6   Next: 81%
Magic:  5/5        EV: 10    Int:  3    God:    Trog [**....]
Gold:   275        SH:  0    Dex:  9    Spells: 5/5 levels left

rFire   . . .        a - +0 mace
rCold   . . .        (no shield)
rNeg    . . .        b - +0 animal skin
rPois   .            (helmet restricted)
rElec   .            (no cloak)
rCorr   .            (gloves unavailable)
SInv    .            (boots unavailable)
Will    .....        (no amulet) Stlth
                     h - +4 ring of protection
HPRegen 1.15/turn    (no ring)
MPRegen 0.09/turn

%: no passive effects
@: berserking (expiring), very quick
A: large, unfitting armour, claws 3, regeneration 1, shaggy fur 1, tough skin 1
a: Renounce Religion, Berserk, Trog's Hand


You were on level 3 of the Dungeon.
You worshipped Trog.
Trog was pleased with you.
You visited 1 branch of the dungeon, and saw 4 of its levels.

You collected 275 gold pieces.

Inventory:

Hand Weapons
 a - a +0 mace (weapon)
 q - a +0 flail
Missiles
 l - a poisoned dart (quivered)
Armour
 b - a +0 animal skin (worn)
Jewellery
 h - a +4 ring of protection (left claw)
 s - a ring of magical power
Wands
 r - a wand of digging (5)
 u - a wand of roots (13)
Scrolls
 d - 3 scrolls of identify {unknown}
 g - 2 scrolls of revelation {unknown}
 j - 2 scrolls of blinking {unknown}
 k - 2 scrolls of enchant weapon {unknown}
 t - a scroll of teleportation {unknown}
Potions
 c - a potion of cancellation {unknown}
 e - a potion of mutation {unknown}
 f - 3 potions of curing {unknown}
 i - a potion of enlightenment {unknown}
 m - 2 potions of heal wounds {unknown}
 n - a potion of brilliance {unknown}
 o - a potion of magic {unknown}
 p - a potion of berserk rage {unknown}


   Skills:
 + Level 3.8 Fighting
 + Level 5.2 Maces & Flails
 + Level 0.1 Throwing
 + Level 3.8 Dodging
 + Level 0.4 Stealth


You had 5 spell levels left.
You didn't know any spells.
Your spell library was empty.

Dungeon Overview and Level Annotations

Branches:
Dungeon (4/15)
 Temple: D:4-7

Altars:
Trog

Annotations:
D:3 1 transporter, dertzug's ghost, amateur TrFi


Innate Abilities, Weirdness & Mutations

You are too large for most types of armour.
You have claws for hands.
Your natural rate of healing is unusually fast.
You are covered in fur. (AC +1)
You have tough skin. (AC +1)


Message History

Aim: an ogre, wielding a +6 great mace (69% to hit)
You throw a poisoned dart. The poisoned dart hits the ogre.
The ogre is poisoned.
Throw: 2 darts (poison)
Press: ? - help, Q - select action, (/) - cycle Shift-Dir - straight line, f/p - ogre
Aim: an ogre, wielding a +6 great mace (poisoned, 69% to hit)
You throw a poisoned dart. The poisoned dart hits the ogre.
Dertzug's ghost whispers, "There is no future for you."
A red film seems to cover your vision as you go berserk!
You feel yourself moving faster!
You feel mighty!
You barely miss the ogre.
The ogre is lightly wounded.
The ogre hits you with a +6 great mace!
You barely miss the ogre.
The ogre is lightly wounded.
You closely miss the ogre.
The ogre is lightly wounded.
You sock the ogre!
The ogre is heavily wounded.
You barely miss the ogre.
The ogre is heavily wounded.
The ogre hits you with a +6 great mace!!
The ogre hits you with a +0 giant club!!
Dertzug's ghost hits you!
* * * LOW HITPOINT WARNING * * *
You sock the ogre!
You kill the ogre!
Trog accepts your kill. Dertzug's ghost hits you!
* * * LOW HITPOINT WARNING * * *
Your Maces & Flails skill increases to level 5!
The ogre barely misses you.
Things that are here:
a +6 great mace; an ogre corpse You are too berserk!
You completely miss the ogre. The ogre attacks as it pursues you!
The ogre closely misses you.
You hit the ogre but do no damage. You closely miss the ogre.
The ogre hits you with a +0 giant club!
You die...

#######.##.####
#.............#
#.....©.©.....#
###############
##©...."$....##
#.#..#(#..#.########
#..##.(.##..#......##
#!.##...##..######.#.
#.#.@#.#..#.######.#.
#....OW.....##.......
##############..###.#.
#.# #..##### #.#. #.#
#..#######.## #####.#
#..........#. #.....#
##'##########. #.#####
##...## #[ #.####
##.....## ##.


You could see an ogre and dertzug's ghost.

Vanquished Creatures
  An ogre (D:3)
  3 scorpions (D:4)
  A bombardier beetle (D:3)
  An iguana (D:4)
  Natasha (D:3)
  2 adders (D:2)
  3 gnolls (D:3)
  A dart slug (D:2)
  A ribbon worm (D:3)
  3 orcs (D:3)
  9 ball pythons
  5 bats
  7 endoplasms
  2 giant cockroaches
  2 goblins
  8 hobgoblins
  10 kobolds
  A quokka (D:3)
  A frilled lizard (D:2)
  A rat (D:1)
63 creatures vanquished.

Notes
Turn   | Place    | Note
-------+----------+-------------------------------------------
     0 | D:1      | Marvel the Troll Berserker began the quest for the Orb.
     0 | D:1      | Reached XP level 1. HP: 22/22 MP: 0/0
   134 | D:1      | Reached XP level 2. HP: 29/29 MP: 1/1
   255 | D:1      | Reached skill level 3 in Maces & Flails
   602 | D:2      | Reached XP level 3. HP: 36/36 MP: 2/2
   714 | D:2      | Reached ** piety under Trog
  1237 | D:3      | Noticed dertzug's ghost (amateur TrFi)
  1237 | D:3      | Noticed an ogre
  1238 | D:3      | Found a transporter.
  1239 | D:3      | Found a transporter.
  1240 | D:3      | Noticed an ogre
  1301 | D:3      | Reached XP level 4. HP: 38/45 MP: 3/3
  1727 | D:3      | Reached XP level 5. HP: 53/53 MP: 4/4
  2055 | D:3      | Noticed Natasha
  2064 | D:3      | Killed Natasha
  2065 | D:3      | Reached skill level 4 in Maces & Flails
  2317 | D:4      | Reached XP level 6. HP: 53/61 MP: 5/5
  2494 | D:4      | Reached *** piety under Trog
  2779 | D:4      | Found a bloodstained altar of Trog.
  2990 | D:3      | Reached skill level 5 in Maces & Flails
  2994 | D:3      | Slain by an ogre

Illustrated notes

Levels and vault maps discovered:
D:1:      lightli_arrival_statue_moat, layout_rooms
D:2:      layout_basic
D:3:      layout_loops_corners, gammafunk_ghost_smash, uniq_natasha
D:4:      layout_basic, lemuel_tele_altar

Skill      XL: |  1  2  3  4  5  6 |
---------------+-------------------+-----
Maces & Flails | 3 4 5 |  5.2
Fighting       | 3 |  3.8
Dodging        | 3 |  3.8
Throwing       | |  0.1
Stealth        | |  0.4

Action                     |  1- 3 |  4- 6 || total
---------------------------+-------+-------++-------
  Melee: Mace              |   115 |   135 ||   250
         Punch             |     1 |     2 ||     3
  Throw: Dart              |     1 |     2 ||     3
 Invoke: Berserk           |       |     1 ||     1
   Stab: Sleeping          |     1 |       ||     1
 Armour: Animal skin       |    83 |   100 ||   183
  Dodge: Dodged            |    65 |    61 ||   126
